cohdb
Replays
Latest Replays
All Replays
Popular Replays
Top Player Replays
Match Explorer
How It Works
Community
CoH3 Stats
Reddit
Sign in to upload your games and track your stats! →
Sign in with Steam
Match 41803742
Unlisted
Match 41803742
Overview
Messages
Build Orders
End
Kettenkrad Recon Vehicle
Construct Infanterie Kompanie
Grenadier Squad
MG 42 Machine Gun Team
Grenadier Squad
GrW 34 Mortar Team
Construct Luftwaffe Kompanie
Selects Mechanized Battlegroup
Selects Raid Package
Medical Station
Pioneer Squad
Support Elements
Wirbelwind Flakpanzer
Jäger Squad
Selects StuG Assault Group
StuG Assault Group
Construct Panzergrenadier Kompanie
Repair Bunker
Nebelwerfer 42 Rocket Launcher Team
Construct Panzer Kompanie
Medical Bunker
Selects Panther Heavy Tank
Selects UNKNOWN (2160084)
Selects Spotting Scopes
Selects Stoßtruppen Assault Package
Panther Heavy Tank
Panther Heavy Tank
Hawkkinson
Nashorn101
VeryTricky
Sammymcdougle
0
0
Comments
sign in to comment!
No comments posted yet!